 Dungeon Crawl Stone Soup version 0.30-a0-305-g026cb31310 (webtiles) character file.

Game seed: 11662948588511852241

350 Lanoc the Sneak (level 6, -6/28 HPs)
             Began as a Spriggan Enchanter on Oct 21, 2022.
             Mangled by a gnoll
             ... wielding a +0 halberd
             ... led by a gnoll sergeant
              (14 damage)
             ... on level 5 of the Dungeon.
             The game lasted 00:04:37 (3147 turns).

Lanoc the Sneak (Spriggan Enchanter)                Turns: 3147, Time: 00:04:38

Health: -6/28      AC:  2    Str:  4    XL:     6   Next: 33%
Magic:  11/11      EV:  9    Int: 18    God:
Gold:   140        SH:  0    Dex: 22    Spells: 8/10 levels left

rFire   . . .      SeeInvis +    z - +0 dagger (venom)
rCold   . . .      Faith    .    (no shield)
rNeg    . . .      Spirit   .    b - +0 robe
rPois   +          Reflect  .    (helmet restricted)
rElec   .          Harm     .    (no cloak)
rCorr   .          Rampage  .    (gloves unavailable)
Will    +....                    (boots unavailable)
Stlth   ++++......               o - amulet of magic regeneration
HPRegen 0.24/turn                m - +6 ring of dexterity
MPRegen 0.52/turn                u - ring of poison resistance

@: held, very quick
A: very small, no large weapons, unfitting armour, see invisible, speed 3
a: no special abilities


You were on level 5 of the Dungeon.
You visited 1 branch of the dungeon, and saw 5 of its levels.

You collected 140 gold pieces.

Inventory:

Hand Weapons
 a - a +1 dagger
 z - a +0 dagger of venom (weapon)
Armour
 b - a +0 robe (worn)
Jewellery
 m - a +6 ring of dexterity (left hand)
 o - an amulet of magic regeneration (around neck)
 s - a +6 ring of dexterity
 u - a ring of poison resistance (right hand)
Wands
 A - a wand of digging (7)
 B - a wand of acid (3)
Scrolls
 e - 10 scrolls of identify {unknown}
 f - 2 scrolls of poison {unknown}
 h - 2 scrolls of brand weapon {unknown}
 i - a scroll of magic mapping {unknown}
 j - a scroll of blinking {unknown}
 k - a scroll of butterflies {unknown}
 t - a scroll of noise {unknown}
 w - a scroll of immolation {unknown}
 x - a scroll of teleportation {unknown}
 y - a scroll of vulnerability {unknown}
Potions
 c - 2 potions of invisibility
 d - 2 potions of attraction {unknown}
 g - a potion of resistance {unknown}
 l - 2 potions of heal wounds {unknown}
 n - 2 potions of degeneration {unknown}
 p - a potion of brilliance {unknown}
 q - a potion of mutation {unknown}
 r - a potion of curing {unknown}
 v - 2 potions of cancellation {unknown}


   Skills:
 + Level 3.1 Short Blades
 - Level 2.6 Dodging
 * Level 7.8 Stealth
 - Level 2.6 Spellcasting
 * Level 6.1 Hexes


You had 8 spell levels left.
You knew the following spells:

 Your Spells              Type           Power      Damage    Failure   Level
a - Ensorcelled Hibernat  Hex/Ice        26%        N/A       7%          2

Your spell library contained the following spells:

 Spells                   Type           Power      Damage    Failure   Level
 Confusing Touch          Hex            24%        N/A       4%          3
 Tukima's Dance           Hex            24%        N/A       4%          3
 Dazzling Flash           Conj/Hex       26%        N/A       14%         3
 Portal Projectile        Hex/Tloc       26%        N/A       14%         3
 Blade Hands              Tmut           1%         N/A       99%         5


Dungeon Overview and Level Annotations

Branches:
Dungeon (5/15)
 Temple: D:4-7

Altars:
Kikubaaqudgha
Nemelex Xobeh
Trog
Yredelemnul


Innate Abilities, Weirdness & Mutations

You are very small and have problems with some larger weapons.
You are too small for most types of armour.
You have supernaturally acute eyesight. (SInv)
You cover ground extremely quickly. (Speed+++)


Message History

Aim: an adder (chance to affect: 55%)
The adder looks drowsy...
The human is engulfed in dark miasma.
The human looks even sicker.
The human seems to slow down.
The human dies!
The human rises from the dead!
The helpless adder fails to defend itself.
You stick the adder like a pincushion!!!
You kill the adder!
There is a stone staircase leading up here.
Things that are here:
a +0 dagger; a goblin skeleton
e - 9 scrolls labelled LADAMESINGA (gained 1)
You see here a +0 hand axe.
e - 10 scrolls labelled LADAMESINGA (gained 1)
l - 2 coppery potions (gained 1)
An adder comes into view.
The helpless adder fails to defend itself.
You spit the adder like a pig!!!
You kill the adder!
You see here an adder corpse.
Done exploring.
You see here a +0 ring mail.
There is a stone staircase leading down here.
You climb downwards.
Found a cabochon ring and 15 gold pieces.
Found a stone staircase leading up.
There is a stone staircase leading up here.
The gnoll shouts! x2; You hear a shout! x3
The gnoll throws a throwing net.
The throwing net hits you.
You become entangled in the net!
The gnoll hits you from afar with a +0 spear!
The gnoll sergeant hits you with a +0 trident!
The gnoll completely misses you.
You see here a throwing net.
You struggle against the net.
The gnoll sergeant closely misses you.
The gnoll hits you from afar with a +0 spear.
* * * LOW HITPOINT WARNING * * *
The gnoll hits you from afar with a +0 halberd!
Ouch! That really hurt!
You die...

########.##..#
.............
#..........#
#$.........#
#..=g......#
#<..g......#
#.....g....#
#....@.g...#
#.......g..#
#...<......#
############


You could see a gnoll sergeant and 4 gnolls.

Vanquished Creatures
  2 ogres (D:4)
  A howler monkey (D:4)
  A scorpion zombie (D:3)
  5 adders
  2 worms
  2 dart slugs
  5 bats
  12 endoplasms
  A giant cockroach (D:1)
  6 goblins
  3 hobgoblins
  3 jackals (D:1)
  4 kobolds
  2 quokkas
  8 ball pythons
  A ball python zombie (D:3)
  4 frilled lizards (D:2)
  7 rats
69 creatures vanquished.

Vanquished Creatures (others)
  A human (D:4)
  3 plants (D:2)
4 creatures vanquished.

Grand Total: 73 creatures vanquished

Notes
Turn   | Place    | Note
-------+----------+-------------------------------------------
     0 | D:1      | Lanoc the Spriggan Enchanter began the quest for the Orb.
     0 | D:1      | Reached XP level 1. HP: 9/9 MP: 5/5
   198 | D:1      | Reached XP level 2. HP: 13/13 MP: 6/6
   201 | D:1      | Learned a level 2 spell: Ensorcelled Hibernation
   319 | D:1      | Reached skill level 5 in Stealth
   678 | D:1      | Reached XP level 3. HP: 16/16 MP: 8/8
  1653 | D:3      | Reached skill level 6 in Stealth
  1653 | D:3      | Reached XP level 4. HP: 20/21 MP: 9/9
  1656 | D:3      | Found a basalt altar of Yredelemnul.
  2163 | D:3      | Found a bloodstained altar of Trog.
  2176 | D:3      | Found a sparkling altar of Nemelex Xobeh.
  2473 | D:4      | Noticed an ogre
  2480 | D:4      | Killed an ogre
  2481 | D:4      | Reached skill level 5 in Hexes
  2481 | D:4      | Reached XP level 5. HP: 24/24 MP: 8/10
  2535 | D:4      | Noticed an ogre
  2537 | D:4      | Killed an ogre
  2538 | D:4      | Reached skill level 7 in Stealth
  2538 | D:4      | Reached XP level 6. HP: 28/28 MP: 11/11
  2956 | D:4      | Found an ancient bone altar of Kikubaaqudgha.
  2957 | D:4      | Noticed a human
  2961 | D:4      | Killed a human
  3144 | D:5      | Entered Level 5 of the Dungeon
  3147 | D:5      | Mangled by a gnoll

Illustrated notes

Levels and vault maps discovered:
D:1:      lightli_arrival_maybe_door_vault, layout_loops_ring
D:2:      layout_basic, serial_bayou_crossing
D:3:      layout_loops_corners, lemuel_zombie_altar_yredelemnul,
          nemelex_xobeh_ov_fountains_minmay, mainiacjoe_overflow_brackets,
          reono_crystal_passage
D:4:      layout_loops_ring, tgw_kikubaaqudgha
D:5:      layout_rooms, temple_doors_e, nicolae_sextant,
          pf_guarded_unrand_delatra

Skill      XL: |  1  2  3  4  5  6 |
---------------+-------------------+-----
Hexes          | 4 5 6 |  6.1
Stealth        | 5 6 7 |  7.8
Short Blades   | 2 3 |  3.1
Dodging        | |  2.6
Spellcasting   | |  2.6

Action                   |  1- 3 |  4- 6 || total
-------------------------+-------+-------++-------
Melee: Dagger            |   143 |    32 ||   175
       Punch             |     1 |       ||     1
 Cast: Ensorcelled Hiber |    12 |     8 ||    20
 Stab: Sleeping          |    19 |    16 ||    35
Armor: Robe              |    16 |       ||    16
Dodge: Dodged            |   101 |    12 ||   113

Table legend: (Time is in decaauts)
 A = Elapsed time spent in this place.
 B = Non-inter-level travel time spent in this place.
 C = Inter-level travel time spent in this place.
 D = Time resting spent in this place.
 E = Time spent auto-exploring this place.
 F = Levels seen in this place.
 G = Mean time per level.
                   A        B        C        D        E       F      G
               +--------+--------+--------+--------+--------+-----+--------+
         Total |   2128 |   2080 |     48 |      0 |   1675 |   5 |  425.6 |
       Dungeon |   2128 |   2080 |     48 |      0 |   1675 |   5 |  425.6 |
               +--------+--------+--------+--------+--------+-----+--------+

Top non-repeatable levels by time:
     D:1: 677 daAuts
     D:3: 507 daAuts
     D:2: 482 daAuts
     D:4: 459 daAuts
     D:5: 2 daAuts
